 Dungeon Crawl Stone Soup version 0.19.5 (webtiles) character file.

166 Gargoyl the Skirmisher (level 5, -3/46 HPs)
             Began as a Ghoul Abyssal Knight on Mar 3, 2017.
             Was a Believer of Lugonu.
             Slain by an iguana (6 damage)
             ... on level 4 of the Dungeon.
             The game lasted 00:06:40 (2818 turns).

Gargoyl the Skirmisher (Ghoul Abyssal Knight)       Turns: 2818, Time: 00:06:40

Health: -3/46      AC: 12    Str: 13 (16) XL:     5   Next: 47%
Magic:  6/6        EV:  3    Int: 11 (12) God:    Lugonu [**....]
Gold:   151        SH:  3    Dex:  8 (9)  Spells: 0 memorised, 4 levels left

rFire  + . .     SeeInvis .     a - +2 hand axe
rCold  + + .     Gourm    .     g - +0 plate armour
rNeg   + + +     Faith    .     q - +0 buckler
rPois  ∞         Spirit   .     (no helmet)
rElec  +         Reflect  .     b - +0 cloak
rCorr  +         Harm     .     (no gloves)
MR     .....                    (no boots)
Stlth  ..........               (no amulet)
                                (no ring)
                                (no ring)

@: brilliant, resistant, flying, rotting
A: rotting body, claws 1, carnivore 3, cold resistance 1, negative energy
resistance 3, slow regeneration 1, torment resistance, unbreathing
a: Depart the Abyss, Bend Space, Renounce Religion


You were on level 4 of the Dungeon.
You worshipped Lugonu.
Lugonu was pleased with you.
You were not hungry.

You visited 1 branch of the dungeon, and saw 4 of its levels.
You visited the Abyss 1 time.

You collected 151 gold pieces.

Inventory:

Hand Weapons
 a - a +2 hand axe (weapon)
Missiles
 p - 4 tomahawks (quivered)
Armour
 b - a +0 cloak (worn)
 g - a +0 plate armour (worn)
 q - a +0 buckler (worn)
Wands
 u - a wand of enslavement (11/24)
Scrolls
 d - 2 scrolls of teleportation
 h - a scroll of blinking
 i - a scroll of recharging
 n - a scroll of amnesia
 t - 3 scrolls of identify
Potions
 e - a potion of flight
 f - 3 potions of brilliance
 o - a potion of magic
Books
 v - a book of Misfortune

   Spells                             Type                      Level
   a - Confusing Touch                Hexes                        1
   b - Confuse                        Hexes                        3
   c - Gell's Gravitas                Hexes/Translocation          3
   d - Petrify                        Transmutation/Earth          4
   e - Metabolic Englaciation         Hexes/Ice                    5
   f - Yara's Violent Unravelling     Hexes/Transmutation          5
Comestibles
 c - 3 meat rations
 m - a beef jerky
 r - a royal jelly


   Skills:
 + Level 3.7 Fighting
 + Level 3.1 Axes
 * Level 3.2 Armour
 + Level 1.0 Dodging
 + Level 0.5 Shields
 * Level 3.0 Invocations


You had 4 spell levels left.
You didn't know any spells.

Dungeon Overview and Level Annotations

Branches:
Dungeon (4/15)
 Temple: D:4-7

Altars:
Ru
The Shining One

Annotations:
D:4 Eustachio


Innate Abilities, Weirdness & Mutations

Your body is rotting away.
You thrive on raw meat.
You are immune to poison.
You have sharp fingernails.
You are carnivorous and can eat meat at any time.
Your flesh is cold resistant. (rC+)
You are immune to negative energy. (rN+++)
You regenerate slowly when monsters are visible.
You are immune to unholy pain and torment.
You can survive without breathing.


Message History

It was a potion of magic.
Magic courses through your body. The iguana bites you.
* * * LOW HITPOINT WARNING * * *
It was a potion of flight.
You feel very buoyant.
You fly up into the air.
Eustachio mumbles some strange words.
The iguana barely misses you.
It was a potion of degeneration.
There was something very wrong with that liquid.
You feel weakened.
You feel dopey.
You feel clumsy.
Eustachio casts a spell.
The iguana bites you but does no damage.
It was a potion of berserk rage.
You cannot raise a blood rage in your lifeless body.
The iguana bites you but does no damage.
It was a potion of resistance.
You feel protected. The iguana bites you.
You die...

#.# #.#...#.#.###.#
#.# #.....#.#...#.#
#.######.#.......#.#
#................#.#
#########............#
#.......##.#.###.##..#
#...).5.##.#......#..#
#...$..@##.#.######..#
+......rl@.......>..>#
#.......##..........##
#.......#############
####+####


You could see Eustachio, an iguana, a white imp and a rat.

Vanquished Creatures
  An orc wizard (D:2)
  2 worker ants (D:4)
  2 adders
  A worm (D:3)
  A dart slug (D:1)
  2 leopard geckos
  3 orcs
  2 giant cockroaches (D:1)
  9 goblins
  5 hobgoblins
  4 jackals (D:3)
  3 quokkas
  2 ball pythons
  4 bats
  3 frilled lizards
  10 kobolds
  7 rats
61 creatures vanquished.

Notes
Turn   | Place    | Note
-------+----------+-------------------------------------------
     0 | Abyss:1  | Gargoyl the Ghoul Abyssal Knight began the quest for the Orb.
     0 | Abyss:1  | Reached XP level 1. HP: 19/19 MP: 1/1
     7 | Abyss:1  | Found a corrupted altar of Lugonu.
    51 | Abyss:2  | Found a corrupted altar of Lugonu.
    90 | Abyss:2  | Noticed a large abomination
    92 | D:1      | Escaped the Abyss
   373 | D:1      | Reached XP level 2. HP: 25/26 MP: 2/2
   448 | D:1      | Reached * piety under Lugonu
   450 | D:1      | Reached skill level 1 in Dodging
   641 | D:1      | Reached XP level 3. HP: 28/31 MP: 3/3
  1854 | D:2      | Reached XP level 4. HP: 11/38 MP: 3/5
  2088 | D:3      | Reached ** piety under Lugonu
  2238 | D:3      | Found a glowing golden altar of the Shining One.
  2362 | D:3      | Found a sacrificial altar of Ru.
  2518 | D:3      | Reached XP level 5. HP: 43/45 MP: 6/6
  2786 | D:4      | Noticed Eustachio
  2811 | D:4      | HP: 1/46 [iguana (6)]
  2818 | D:4      | Slain by an iguana

Skill      XL: |  1  2  3  4  5 |
---------------+----------------+-----
Armour         | 2 3 |  3.2
Axes           | 2 3 |  3.1
Dodging        | 1 |  1.0
Invocations    | 3 |  3.0
Fighting       | |  3.7
Shields        | |  0.5

Action                   |  1- 3 |  4- 6 || total
-------------------------+-------+-------++-------
Melee: Hand axe          |   164 |    97 ||   261
Invok: Depart the Abyss  |     1 |       ||     1
  Use: Scroll            |     5 |     4 ||     9
       Potion            |       |     6 ||     6
  Eat: Chunk             |    16 |    19 ||    35
Armor: Plate armour      |   169 |    90 ||   259
Dodge: Dodged            |    48 |    22 ||    70
Block: Buckler           |     9 |    12 ||    21
